Map: [ESL] Cosmic Sapphire

Players

MaNa - Winner!

  • Race: Protoss Protoss
  • Spawn Location: 5:00

Hellraiser

  • Race: Protoss Protoss
  • Spawn Location: 11:00

Event: DreamHack SC2 Masters 2022 Atlanta (Online)

VOD

Have the link to the VOD?

Description

Time

  • Played on: Oct. 7, 2022, 12:58 p.m.
  • Length: 9:41

All games in this series

Show
View Real Time Build Order
Export as new Build Order

MaNa Protoss - Winner!

Build Orders: Oracle Opening 

Get SALT Encoding   

  12  0:00  Probe  
  13  0:12  Probe  
  14  0:18  Pylon  
  14  0:24  Probe (Chrono Boost)  
  15  0:36  Gateway, Probe (Chrono Boost)  
  16  0:45  Probe (Chrono Boost)  
  16  0:47  Assimilator  
  17  0:51  Probe  
  18  1:03  Probe (Chrono Boost)  
  19  1:06  Assimilator  
  19  1:11  Gateway  
  19  1:12  Probe (Chrono Boost)  
  19  1:17  Probe (Chrono Boost)  
  20  1:24  Cybernetics Core  
  21  1:29  Probe  
  22  1:34  Pylon  
  22  1:41  Probe  
  23  2:00  Warp Gate, Stalker  
  25  2:01  Stalker  
  25  2:07  Pylon  
  27  2:25  Stargate  
  27  2:33  Probe  
  28  2:39  Stalker x2  
  32  2:45  Probe  
  32  2:48  Pylon  
  33  2:59  Shield Battery  
  33  3:06  Oracle (Chrono Boost)  
  36  3:24  Nexus  
  35  3:29  Pylon  
  35  3:33  Probe  
  36  3:44  Twilight Council  
  36  3:45  Probe  
  37  3:54  Stalker  
  39  3:58  Probe  
  40  4:10  Stalker  
  40  4:11  Probe  
  43  4:17  Shield Battery  
  43  4:20  Blink (Chrono Boost)  
  43  4:21  Stalker  
  45  4:31  Probe  
  46  4:42  Stalker  
  46  4:43  Probe  
  48  4:48  Probe  
  49  4:55  Probe  
  49  4:56  Stalker  
  52  5:00  Probe  
  52  5:06  Stalker  
  55  5:08  Probe  
  55  5:12  Probe  
  57  5:19  Stalker  
  57  5:20  Probe  
  60  5:24  Probe  
  61  5:30  Gateway  
  61  5:33  Probe  
  61  5:34  Pylon  
  62  5:36  Pylon  
  62  5:43  Robotics Facility  
  62  5:52  Probe  
  59  6:12  Probe  
  59  6:14  Stalker x2  
  59  6:15  Nexus  
  64  6:18  Probe  
  64  6:23  Forge  
  64  6:24  Probe  
  66  6:30  Probe  
  66  6:32  Observer  
  68  6:36  Probe  
  68  6:37  Stalker  
  68  6:38  Stalker x2  
  75  6:43  Shield Battery, Probe  
  76  6:50  Probe  
  77  6:56  Protoss Ground Weapons Level 1 (Chrono Boost)  
  73  7:03  Warp Prism  
  73  7:07  Pylon  
  75  7:08  Photon Cannon  
  75  7:12  Stalker  
  77  7:17  Gateway  
  77  7:18  Probe  
  77  7:20  Gateway  
  78  7:25  Probe  
  78  7:28  Gateway  
  79  7:30  Stalker  
  79  7:31  Stalker  
  83  7:37  Stalker  
  83  7:41  Photon Cannon  
  85  7:50  Observer, Gateway  
  86  7:52  Assimilator  
  86  7:54  Stalker  
  86  7:55  Stalker  
  90  8:01  Probe  
  90  8:02  Probe x2  
  83  8:23  Stalker x4  
  82  8:29  Zealot  
  82  8:30  Zealot  
  86  8:38  Pylon  
  86  8:43  Probe  
  86  8:47  Zealot x5  
  97  8:51  Zealot, Stalker  
  101  8:57  Pylon  
  101  9:03  Observer  
  101  9:06  Nexus  
  100  9:13  Stalker x2  
  100  9:14  Zealot x3  
  100  9:26  Stalker x2  
Show
View Real Time Build Order
Export as new Build Order

Hellraiser Protoss 

Build Orders: Oracle Opening 

Get SALT Encoding   

  12  0:00  Probe  
  13  0:12  Probe  
  14  0:17  Pylon  
  14  0:24  Probe (Chrono Boost)  
  16  0:37  Probe (Chrono Boost), Gateway  
  16  0:43  Probe (Chrono Boost)  
  16  0:46  Assimilator  
  17  0:51  Probe  
  17  0:55  Assimilator  
  18  1:03  Probe (Chrono Boost)  
  19  1:08  Gateway  
  19  1:12  Probe (Chrono Boost)  
  19  1:17  Probe (Chrono Boost)  
  20  1:25  Cybernetics Core  
  21  1:29  Probe  
  22  1:35  Pylon  
  22  1:41  Probe  
  23  1:54  Probe  
  24  2:02  Adept x2, Warp Gate  
  28  2:12  Stargate  
  28  2:17  Pylon  
  28  2:19  Probe  
  29  2:35  Stalker x2  
  33  2:53  Shield Battery  
  33  2:54  Oracle (Chrono Boost)  
  36  3:00  Probe  
  35  3:10  Shield Battery  
  36  3:21  Pylon  
  39  3:30  Void Ray (Chrono Boost)  
  39  3:35  Probe  
  38  3:47  Probe  
  39  3:50  Stalker x2  
  43  3:59  Probe  
  44  4:12  Nexus  
  44  4:16  Stalker  
  46  4:20  Pylon  
  46  4:26  Twilight Council  
  46  4:29  Probe  
  47  4:45  Probe (Chrono Boost)  
  48  4:56  Forge  
  48  4:57  Probe (Chrono Boost), Blink (Chrono Boost)  
  49  5:05  Probe (Chrono Boost)  
  50  5:11  Probe  
  51  5:15  Shield Battery  
  51  5:20  Stalker x2  
  55  5:24  Probe  
  55  5:25  Probe  
  57  5:28  Protoss Ground Weapons Level 1  
  57  5:36  Probe  
  57  5:37  Probe  
  59  5:43  Stalker x2  
  59  5:48  Probe  
  59  5:49  Probe  
  65  5:53  Pylon  
  64  6:00  Probe  
  61  6:06  Stalker x2  
  59  6:12  Probe  
  61  6:18  Probe  
  61  6:20  Pylon  
  61  6:22  Robotics Facility  
  61  6:24  Probe  
  62  6:29  Stalker  
  62  6:30  Probe, Assimilator  
  62  6:32  Pylon  
  65  6:37  Stalker  
  67  6:41  Pylon  
  67  6:43  Probe  
  69  6:50  Nexus  
  69  6:52  Probe  
  68  6:55  Probe  
  67  7:04  Probe (Chrono Boost)  
  67  7:05  Stalker x2  
  73  7:11  Observer (Chrono Boost)  
  73  7:13  Probe (Chrono Boost), Pylon  
  73  7:15  Probe (Chrono Boost)  
  75  7:20  Probe x2 (Chrono Boost)  
  77  7:29  Immortal (Chrono Boost)  
  77  7:30  Probe  
  77  7:31  Probe  
  83  7:42  Shield Battery, Probe  
  83  7:43  Probe  
  85  7:50  Gateway  
  85  7:51  Gateway  
  85  7:54  Probe  
  85  7:55  Probe  
  87  8:02  Stalker x2  
  91  8:07  Probe x2  
  93  8:25  Nexus  
  88  8:28  Probe  
  88  8:30  Observer (Chrono Boost)  
  88  8:31  Probe  
  88  8:32  Assimilator  
  91  8:34  Assimilator  
  91  8:41  Immortal (Chrono Boost), Probe  
  96  8:50  Gateway x2  
  96  8:52  Sentry  
  98  9:06  Pylon  
  86  9:17  Stalker x4  
Tags
 
Add a new tag
Caveats
  • Supply blocks, unpowered buildings, or Contaminate may cause inaccurate times.
  • Supply counts are checked every 10 seconds.